 Dungeon Crawl Stone Soup version 0.23-a0-307-gc3b755d021 (webtiles) character file.

288087 Napalmbreeze the Metallomancer (level 20, -1/132 HPs)
             Began as a Gargoyle Earth Elementalist on Oct 10, 2018.
             Was the Champion of Vehumet.
             Shot with an arrow by a deep elf master archer (20 damage)
             ... on level 3 of the Elven Halls on Oct 11, 2018.
             The game lasted 03:16:57 (55262 turns).

Napalmbreeze the Metallomancer (GrEE)              Turns: 55262, Time: 03:16:57

Health: -1/132     AC: 24    Str: 15    XL:     20   Next: 68%
Magic:  23/41      EV: 12    Int: 29    God:    Vehumet [******]
Gold:   3266       SH: 15    Dex: 14    Spells: 5/53 levels left

rFire    + . .     SeeInvis .   u - staff of energy
rCold    + . .     Gourm    .   K - +2 shield of Resistance {rF+ rC+ MR+}
rNeg     + + .     Faith    .   c - +2 robe "Filum" {Int+5}
rPois    ∞         Spirit   .   m - +1 hat
rElec    +         Reflect  .   f - +0 cloak {MR+}
rCorr    +         Harm     .   X - +0 pair of gloves of Gluttony {rN+ Regen+}
MR       +++..                  n - +1 pair of boots
Stlth    ++........             L - amulet of Vitality {Regen+ HP+15}
HPRegen  1.12/turn              G - ring "Boelet" {+Inv rElec Str+2 Dex+4}
MPRegen  0.27/turn              V - ring of resist corrosion

@: flying
A: antennae 1, big wings, negative energy resistance 1, electricity resistance,
unbreathing, petrification resistance, rot immunity, AC +15
}: 2/15 runes: decaying, serpentine
a: Stop Flying, Renounce Religion, Evoke Invisibility


You were on level 3 of the Elven Halls.
You worshipped Vehumet.
Vehumet was exalted by your worship.
You were not hungry.

You visited 7 branches of the dungeon, and saw 35 of its levels.
You also visited: Trove, Bailey and Ice Cave.

You collected 5668 gold pieces.
You spent 2402 gold pieces at shops.

Inventory:

Hand Weapons
 W - the +1 long sword "Jellybane" {elec, +Blink Str+3 SInv}
   (You took it off a deep elf annihilator on level 3 of the Elven Halls)

   Occasionally, upon striking a foe, it will discharge some electrical energy
   and cause terrible harm.
   It affects your strength (+3).
   It lets you see invisible.
   It lets you blink.
Missiles
 I - 218 stones (quivered)
Armour
 c - the +2 robe "Filum" (worn) {Int+5}
   (You bought it in a shop on level 2 of the Orcish Mines)

   It affects your intelligence (+5).
 f - a +0 cloak of magic resistance (worn)
 m - a +1 hat (worn)
 n - a +1 pair of boots (worn)
 A - the +3 pair of boots of the Sun {+Blink rF+ Int-4 Dex+2}
   (You acquired it on level 3 of the Snake Pit)

   It affects your intelligence (-4).
   It affects your dexterity (+2).
   It protects you from fire.
   It lets you blink.
 K - the +2 shield of Resistance (worn) {rF+ rC+ MR+}
   (You found it on level 7 of the Dungeon)

   It protects you from fire.
   It protects you from cold.
   It affects your resistance to hostile enchantments.
 X - the +0 pair of gloves of Gluttony (worn) {rN+ Regen+}
   (You bought it in a shop on level 2 of the Orcish Mines)

   It protects you from negative energy.
   It increases your rate of regeneration.
Magical Staves
 t - an uncursed staff of power
 u - an uncursed staff of energy (weapon)
 C - an uncursed staff of wizardry
Jewellery
 b - a cursed -2 ring of intelligence
 d - the amulet of Ixtela {Reflect rPois rC+ SH+6, unknown}
   (You took it off a deep elf death mage on level 3 of the Elven Halls)

   [amulet of reflection]

   It shields you and reflects attacks.
   It protects you from cold.
   It protects you from poison.
   It affects your SH (+6).
 q - an uncursed ring of see invisible {unknown}
 y - the ring "Vaovif" {-Tele rElec rPois Int+4 SInv, unknown}
   (You took it off a deep elf sorcerer on level 3 of the Elven Halls)

   [ring of see invisible]

   It affects your intelligence (+4).
   It insulates you from electricity.
   It protects you from poison.
   It lets you see invisible.
   It prevents most forms of teleportation.
 z - a cursed -3 ring of dexterity
 G - the ring "Boelet" (left hand) {+Inv rElec Str+2 Dex+4}
   (You found it on level 6 of the Dungeon)

   [ring of dexterity]

   It affects your strength (+2).
   It affects your dexterity (+4).
   It insulates you from electricity.
   It lets you turn invisible.
 L - the amulet of Vitality (around neck) {Regen+ HP+15}
   (You found it in a bailey)

   [amulet of regeneration]

   It affects your health (+15).
   It increases your rate of regeneration.
 P - an uncursed ring of wizardry
 S - a cursed -2 ring of evasion {unknown}
 V - a ring of resist corrosion (right hand)
 Y - an uncursed ring of protection from cold
 Z - an uncursed amulet of magic regeneration
Wands
 r - a wand of scattershot (9)
 M - a wand of clouds (6)
 N - a wand of iceblast (32)
 O - a wand of acid (53)
 U - a wand of digging (24)
Scrolls
 a - 5 scrolls of fear
 e - 6 scrolls of teleportation
 g - 8 scrolls of enchant armour
 h - 21 scrolls of remove curse
 j - 5 scrolls of fog
 l - 22 scrolls of identify
 o - 7 scrolls of magic mapping
 w - a scroll of acquirement
 x - 12 scrolls of enchant weapon
 B - 7 scrolls of amnesia
 H - a scroll of blinking
 R - 2 scrolls of holy word
Potions
 i - 16 potions of curing
 k - 5 potions of haste
 p - a potion of invisibility
 s - 4 potions of heal wounds
 E - 5 potions of agility
 F - 2 potions of mutation
 J - 3 potions of brilliance
 T - 2 potions of magic
Miscellaneous
 Q - a crystal ball of energy


   Skills:
 - Level 10.0 Fighting
   Level 0.3 Short Blades
   Level 5.8 Maces & Flails
 - Level 1.5 Dodging
 - Level 2.1 Stealth
 - Level 15.0 Shields
 + Level 17.3 Spellcasting
 - Level 13.0 Conjurations
 + Level 5.3 Summonings
   Level 0.7 Transmutations
 - Level 4.0 Fire Magic
 - Level 8.0 Ice Magic
 * Level 22.7 Earth Magic


You had 5 spell levels left.
You knew the following spells:

 Your Spells              Type           Power        Failure   Level  Hunger
a - Sandblast             Erth           ######       0%          1    None
c - Orb of Destruction    Conj           #######...   1%          7    None
d - Conjure Flame         Conj/Fire      ######..     1%          3    None
e - Iron Shot             Conj/Erth      #######...   1%          6    None
q - Shatter               Erth           ########..   4%          9    None
r - Bolt of Fire          Conj/Fire      ######....   2%          6    None
s - Stone Arrow           Conj/Erth      ######       0%          3    None
t - Freezing Cloud        Conj/Ice/Air   ######....   4%          6    None
w - Spellforged Servitor  Conj/Summ      ######....   10%         7    None

Your spell library contained the following spells:

 Spells                   Type           Power        Failure   Level  Hunger
 Lehudib's Crystal Spear  Conj/Erth      #######...   2%          8    None
 Chain Lightning          Conj/Air       ######....   86%         8    None
 Glaciate                 Conj/Ice       ######....   99%         9    None
 Magic Dart               Conj           ####         0%          1    None
 Searing Ray              Conj           ######       0%          2    None
 Lee's Rapid Deconstruct  Erth           ########..   0%          5    None
 Apportation              Tloc           ####..       1%          1    None
 Corona                   Hex            ####...      1%          1    None
 Shock                    Conj/Air       ####         1%          1    None
 Summon Butterflies       Summ           ######..     1%          1    None
 Summon Small Mammal      Summ           ####         1%          1    None
 Call Imp                 Summ           ######..     1%          2    None
 Ensorcelled Hibernation  Hex/Ice        #####.       1%          2    None
 Passwall                 Tmut/Erth      #######.     1%          2    None
 Call Canine Familiar     Summ           ######..     1%          3    None
 Dazzling Spray           Conj/Hex       ######       1%          3    None
 Recall                   Summ/Tloc      N/A          1%          3    None
 Static Discharge         Conj/Air       ######..     1%          3    None
 Summon Guardian Golem    Hex/Summ       #####...     1%          3    None
 Force Lance              Conj/Tloc      ######..     1%          4    None
 Fulminant Prism          Conj/Hex       ######....   1%          4    None
 Iskenderun's Mystic Bla  Conj           #######.     1%          4    None
 Leda's Liquefaction      Hex/Erth       ######....   1%          4    None
 Petrify                  Tmut/Erth      #######.     1%          4    None
 Summon Ice Beast         Ice/Summ       ######..     1%          4    None
 Bolt of Magma            Conj/Fire/Erth #######...   1%          5    None
 Iskenderun's Battlesphe  Conj/Chrm      ######..     1%          5    None
 Lightning Bolt           Conj/Air       ######....   1%          5    None
 Venom Bolt               Conj/Pois      ######....   1%          5    None
 Corpse Rot               Necr           N/A          2%          2    None
 Swiftness                Chrm/Air       ####....     2%          2    None
 Airstrike                Air            ####......   4%          4    None
 Confuse                  Hex            ####....     5%          3    None
 Lesser Beckoning         Tloc           ####......   5%          3    None
 Tukima's Dance           Hex            ####....     5%          3    None
 Aura of Abjuration       Summ           ######....   5%          5    None
 Summon Demon             Summ           ######....   5%          5    None
 Summon Lightning Spire   Summ/Air       #####...     6%          4    None
 Summon Forest            Summ/Tloc      #####.....   16%         5    None
 Summon Mana Viper        Hex/Summ       #####...     16%         5    None
 Alistair's Intoxication  Tmut/Pois      ####....     38%         5    None
 Silence                  Hex/Air        ####......   43%         5    None
 Conjure Ball Lightning   Conj/Air       ######....   5%          6    None
 Shadow Creatures         Summ           N/A          30%         6    None
 Summon Hydra             Summ           ######....   86%         7    None
 Hydra Form               Tmut           ####......   90%         6    None
 Deflect Missiles         Chrm/Air       ####......   95%         6    None
 Invisibility             Hex            ####....     95%         6    None
 Tornado                  Air            ####......   100%        9    None
 Statue Form              Tmut/Erth      Unusable     N/A         6    N/A

Dungeon Overview and Level Annotations

Branches:
Dungeon (15/15)            Temple (1/1) D:6            Lair (6/6) D:10
  Swamp (4/4) Lair:4        Snake (4/4) Lair:2          Orc (2/2) D:12
    Elf (3/3) Orc:2        Vaults (0/5) D:13         Depths (0/5) D:15
  Slime: Lair:5-6

Altars:
Ashenzari
Dithmenos
Elyvilon
Fedhas
Hepliaklqana
Kikubaaqudgha
Makhleb
Nemelex Xobeh
Okawaru
Qazlal
Ru
Uskayaw
Vehumet
Wu Jian
Xom
Yredelemnul
Zin
The Shining One
Beogh

Shops:
Orc:2 %}[:[   Elf:3 *   Snake:3 :

Annotations:
D:4 3 runed doors, AIAndy's ghost, amateur OpTm
D:6 1 runed door, Cefor's ghost, novice MiFi
D:7 3 runed doors, PikkenKukken's ghost, novice TrFi; SkaryMonk's ghost, novice OpTm
D:13 exclusion: door
Lair:2 exclusion: 2 oklob plants
Lair:6 exclusion: oklob plant


Innate Abilities, Weirdness & Mutations

You are resistant to torment.
Your stone body is resilient. (AC +15)
You are immune to poison.
Your large and strong wings let you fly indefinitely.
You resist negative energy. (rN+)
You are resistant to electric shocks. (rElec)
You can survive without breathing.
You are immune to petrification.
You are immune to rotting.
You have a pair of small antennae on your head.


Message History

The arrow barely misses you.
The deep elf master archer shoots an arrow.
The arrow hits you!!
Casting: Iron Shot (safe; 1% risk of failure)
Confirm with . or Enter, or press ? or * to list all spells.
You can't see any susceptible monsters within range! (Use Z to cast anyway.)
Casting: Iron Shot (safe; 1% risk of failure)
Confirm with . or Enter, or press ? or * to list all spells.
Aiming: Bolt of Fire (safe; 2% risk of failure)
Press: ? - help, Shift-Dir - straight line, f - deep elf master archer
Aim: a deep elf master archer, wielding a longbow and wearing a leather armour The bolt of fire misses the deep elf master archer.
The deep elf master archer shoots an arrow.
You block the arrow.
The deep elf master archer shoots an arrow.
The arrow hits you!!
* * * LOW HITPOINT WARNING * * *
The deep elf master archer shoots an arrow.
The arrow hits you!!
You die...

#................##.#.###.
#......)..........#.#.###.
#.............)........).#
#......[..)#....##.....#.#
###.....).......[.[.#.....
#####.).#...[.####)..[..
#.....)[### ##[##... #
#.....#######..#...)
##.##.@[..###..#.....##
##...##[))..####......##
#.....#)[.....####..[.[.
......[.)..#...# #.#.)#.
......)))..).##.##....[.
.....))..#...# ##......
#....)......#.# ##...#.
##....e....#### #......
##.......## ###..[#


You could see a deep elf master archer.

Vanquished Creatures
  Vashnia (Snake:2)
  Nikola (Snake:1)
  Rupert (Orc:2)
  2 deep elf blademasters
  Asterion (Snake:1)
  A deep elf master archer (Elf:3)
  2 thorn hunters
  An azure jelly (Snake:1)
  11 nagarajas
  6 deep elf sorcerers (Elf:3)
  5 deep elf elementalists (Elf:3)
  6 very ugly things
  7 deep elf annihilators (Elf:3)
  8 deep elf demonologists (Elf:3)
  2 death oozes (Swamp:4)
  2 green deaths (Swamp:4)
  6 deep elf death magi
  An ettin (D:13)
  Josephine (Snake:1)
  A fire dragon (D:15)
  3 ice dragons
  A yaktaur captain (D:13)
  3 deep elf high priests
  2 vault guards (D:13)
  A ghost crab (Swamp:4)
  A hell beast (Swamp:4)
  2 shambling mangroves
  17 naga warriors
  A death knight (D:12)
  21 hydras
  11 anacondas
  A centaur warrior (D:12)
  2 tengu warriors
  4 two-headed ogres
  19 alligators
  5 death yaks (Lair:6)
  22 dancing weapons
  A thrashing horror (Swamp:4)
  4 shock serpents
  A spectral spriggan (D:15)
  Urug (Lair:6)
  3 deep troll earth magi (D:13)
  Sonja (D:10)
  12 naga sharpshooters
  12 deep elf knights
  2 small abominations (Elf:3)
  2 salamander mystics
  An unseen horror (D:13)
  A spectral spark wasp (D:15)
  A sea snake (shapeshifter) (D:15)
  A deep troll (shapeshifter) (D:12)
  3 spriggan druids
  10 swamp dragons
  4 naga ritualists
  2 wizards (D:13)
  7 deep elf archers
  Pikel (D:8)
  2 wolf spider zombies
  7 mana vipers
  5 orc knights
  13 ugly things
  2 necromancers (D:13)
  An orb spider (shapeshifter) (D:13)
  2 wolf spiders (Lair:6)
  10 salamanders
  33 deep elf magi
  6 cyclopes
  4 manticores
  11 elephants
  6 guardian serpents
  2 molten gargoyles (Lair:5)
  33 black mambas
  5 ice statues (IceCv)
  Maurice (D:9)
  3 orange demons (Swamp:4)
  27 naga magi
  A gargoyle (D:11)
  21 spiny frogs
  A rime drake (Lair:6)
  4 komodo dragons
  3 freezing wraiths
  A spriggan zombie (D:15)
  A golden dragon simulacrum (IceCv)
  An anaconda simulacrum (IceCv)
  8 trolls
  A harpy zombie (D:15)
  The ghost of Loninniva the Slasher, an amateur MiGl (D:15)
  A troll (shapeshifter) (Elf:3)
  A shadow dragon simulacrum (D:15)
  35 slime creatures
  9 polar bears (Lair:6)
  A sphinx simulacrum (D:15)
  9 tyrant leeches
  A raiju (Lair:6)
  7 hornets
  9 hippogriffs
  11 blink frogs
  7 bog bodies
  2 air elementals
  A stone giant simulacrum (D:15)
  A redback (Lair:6)
  2 spriggans
  9 wraiths
  27 yaks
  16 wyverns
  3 dire elephant simulacra (IceCv)
  3 shadows
  4 water elementals
  2 fire elementals
  A vampire (D:15)
  Eustachio (D:6)
  3 basilisks
  18 humans (D:13)
  15 vampire mosquitoes
  2 hungry ghosts (D:15)
  12 swamp worms
  Edmund (D:5)
  An acid dragon (D:12)
  9 wargs
  5 insubstantial wisps (Swamp:2)
  A harpy simulacrum (IceCv)
  43 nagas
  21 water moccasins
  14 hell hounds
  14 porcupines
  A spectral tengu (D:15)
  3 swamp drakes
  4 hydra simulacra
  2 slaves (D:8)
  7 sky beasts
  2 ogres
  An ettin simulacrum (IceCv)
  32 orc warriors
  11 black bears (Lair:6)
  7 ice beasts
  A boggart (D:12)
  4 phantoms
  3 necrophages
  19 wolves (Lair:6)
  An ogre (shapeshifter) (D:15)
  11 centaurs
  A big kobold (D:7)
  15 crocodiles
  14 bullfrogs
  An earth elemental (Elf:3)
  2 scorpions
  3 killer bees (D:10)
  15 wights
  5 electric eels
  6 howler monkeys
  5 lava snakes (Lair:5)
  A bullfrog zombie (D:10)
  8 crimson imps
  3 hounds
  A yaktaur simulacrum (D:15)
  7 orc priests
  3 centaur zombies
  4 human zombies (D:10)
  A quasit (D:10)
  A centaur skeleton (D:5)
  10 jellies
  4 bullfrog skeletons
  A human skeleton (D:10)
  3 iguanas
  Natasha (D:3)
  6 orc wizards
  2 hell rats (Lair:2)
  4 worker ants
  A hound skeleton (D:5)
  A worker ant zombie (D:5)
  17 adders
  8 river rats (Lair:2)
  2 shadow imps
  22 oozes
  An adder zombie (D:9)
  An adder skeleton (D:7)
  3 worms
  4 dart slugs
  4 leopard geckos
  56 orcs
  2 ball pythons
  4 giant cockroaches
  9 goblins
  9 hobgoblins
  16 jackals
  22 kobolds
  8 quokkas
  11 bats
  8 frilled lizards
  A jackal skeleton (D:6)
  An orc zombie (D:10)
  8 rats
  4 crawling corpses (Elf:3)
  A fire vortex (IceCv)
  A plant (Lair:6)
1251 creatures vanquished.

Vanquished Creatures (others)
  A deep elf mage (Elf:2)
  A naga mage (Snake:4)
  A hound (D:13)
  A leopard gecko (D:4)
  2 briar patches (Swamp:1)
  A bush (Lair:6)
  A fire vortex (IceCv)
  36 fungi
  60 plants
  9 toadstools (Swamp:1)
  6 withered plants (D:7)
119 creatures vanquished.

Grand Total: 1370 creatures vanquished

Notes
Turn   | Place    | Note
-------+----------+-------------------------------------------
     0 | D:1      | Napalmbreeze the Gargoyle Earth Elementalist began the
                  | quest for the Orb.
     0 | D:1      | Reached XP level 1. HP: 10/10 MP: 3/3
   233 | D:1      | Reached skill level 4 in Earth Magic
   233 | D:1      | Reached XP level 2. HP: 13/15 MP: 5/5
   665 | D:1      | Reached XP level 3. HP: 20/20 MP: 4/6
  1261 | D:2      | Reached XP level 4. HP: 24/24 MP: 5/7
  1266 | D:2      | Reached skill level 5 in Earth Magic
  2126 | D:3      | Reached XP level 5. HP: 28/28 MP: 7/9
  2263 | D:3      | Learned a level 3 spell: Stone Arrow
  2395 | D:3      | Reached skill level 6 in Earth Magic
  2915 | D:4      | Found a runed gate.
  2915 | D:4      | Found a runed gate.
  2918 | D:4      | Noticed AIAndy's ghost (amateur OpTm)
  2919 | D:4      | Found a runed gate.
  2919 | D:4      | Noticed an orc warrior
  2927 | D:4      | Found a roughly hewn altar of Beogh.
  3023 | D:4      | Noticed Natasha
  3067 | D:3      | Killed Natasha
  3067 | D:3      | Reached XP level 6. HP: 20/33 MP: 2/11
  3652 | D:4      | Reached skill level 7 in Earth Magic
  3820 | D:5      | Entered Level 5 of the Dungeon
  3887 | D:5      | Found an iron altar of Okawaru.
  3887 | D:5      | Found an ancient bone altar of Kikubaaqudgha.
  3892 | D:5      | Found a hide-covered altar of Uskayaw.
  3894 | D:5      | Found a shattered altar of Ashenzari.
  3895 | D:5      | Found a sacrificial altar of Ru.
  3948 | D:5      | Reached skill level 1 in Fighting
  4005 | D:5      | Noticed a wyvern
  4013 | D:5      | Killed a wyvern
  4013 | D:5      | Reached XP level 7. HP: 39/39 MP: 0/13
  4809 | D:6      | Found a runed door.
  4814 | D:6      | Noticed Cefor's ghost (novice MiFi)
  4838 | D:6      | Noticed Edmund
  4940 | D:5      | Killed Edmund
  4940 | D:5      | Reached skill level 5 in Spellcasting
  5328 | D:6      | Found a staircase to the Ecumenical Temple.
  5400 | Temple   | Entered the Ecumenical Temple
  5422 | Temple   | Became a worshipper of Vehumet
  5492 | D:6      | Noticed Eustachio
  5549 | D:6      | Killed Eustachio
  5549 | D:6      | Reached skill level 8 in Earth Magic
  5549 | D:6      | Reached XP level 8. HP: 46/46 MP: 1/16
  5670 | D:6      | Got a fine iron ring
  5678 | D:6      | Noticed a slime creature
  6762 | D:6      | Reached * piety under Vehumet
  6762 | D:6      | Offered knowledge of Magic Dart by Vehumet.
  6833 | D:6      | Learned a level 5 spell: Lee's Rapid Deconstruction
  7121 | D:6      | Killed a slime creature
  7724 | D:7      | Reached skill level 5 in Fighting
  7724 | D:7      | Reached skill level 9 in Earth Magic
  7724 | D:7      | Reached XP level 9. HP: 54/54 MP: 7/19
  8213 | D:7      | Found the +2 shield of Resistance {rF+ rC+ MR+}
  8421 | D:7      | Found a runed gate.
  8424 | D:7      | Found a runed gate.
  8425 | D:7      | Found a runed gate.
  8426 | D:7      | Noticed SkaryMonk's ghost (novice OpTm)
  8427 | D:7      | Noticed PikkenKukken's ghost (novice TrFi)
  8578 | D:7      | Reached skill level 1 in Shields
  8622 | D:7      | Found a sparkling altar of Nemelex Xobeh.
  8622 | D:7      | Found a shimmering altar of Xom.
  8988 | D:8      | Found a flagged portal.
  9082 | Bailey   | Entered a bailey
  9191 | Bailey   | Reached ** piety under Vehumet
  9200 | Bailey   | Found the amulet of Vitality {Regen+ HP+15}
  9202 | Bailey   | Offered knowledge of Sting by Vehumet.
  9212 | Bailey   | Identified the ring "Boelet" {+Inv rElec Str+2 Dex+4} (You
                  | found it on level 6 of the Dungeon)
  9301 | Bailey   | Found a bloodstained altar of Trog.
  9900 | D:8      | Noticed Pikel
  9916 | D:8      | Killed Pikel
 10071 | D:9      | Reached XP level 10. HP: 61/61 MP: 17/22
 10146 | D:9      | Reached skill level 10 in Earth Magic
 10783 | D:9      | Noticed Maurice
 10786 | D:9      | Killed Maurice
 11018 | D:10     | Entered Level 10 of the Dungeon
 11199 | D:10     | Noticed a four-headed hydra
 11204 | D:10     | Offered knowledge of Mephitic Cloud by Vehumet.
 11212 | D:10     | Killed a four-headed hydra
 11212 | D:10     | Reached skill level 5 in Shields
 11343 | D:10     | Found a staircase to the Lair.
 11350 | D:10     | Reached XP level 11. HP: 68/68 MP: 19/24
 11379 | D:10     | Reached skill level 10 in Spellcasting
 11379 | D:10     | Reached skill level 11 in Earth Magic
 11499 | D:10     | Reached *** piety under Vehumet
 11868 | D:10     | Noticed a two-headed ogre
 11873 | D:10     | Noticed Sonja
 11882 | D:10     | Killed a two-headed ogre
 11885 | D:10     | Killed Sonja
 12240 | D:10     | Offered knowledge of Conjure Flame by Vehumet.
 12319 | D:10     | Learned a level 3 spell: Conjure Flame
 12747 | D:10     | Found an ancient bone altar of Kikubaaqudgha.
 13153 | Lair:1   | Entered Level 1 of the Lair of Beasts
 13579 | Lair:1   | Reached **** piety under Vehumet
 14485 | Lair:2   | Reached XP level 12. HP: 76/76 MP: 11/27
 14543 | Lair:2   | Offered knowledge of Yara's Violent Unravelling by Vehumet.
 14740 | Lair:2   | Reached skill level 12 in Earth Magic
 14989 | Lair:1   | Gained mutation: You have a pair of small antennae on your
                  | head. [potion of mutation]
 14989 | Lair:1   | Gained mutation: Your large and strong wings let you fly
                  | indefinitely. [potion of mutation]
 15123 | Lair:2   | Noticed a seven-headed hydra
 15130 | Lair:2   | Killed a seven-headed hydra
 15218 | Lair:2   | Found a staircase to the Snake Pit.
 16332 | Lair:3   | Noticed an eight-headed hydra
 16347 | Lair:3   | Killed an eight-headed hydra
 16347 | Lair:3   | Reached skill level 10 in Fighting
 16501 | Lair:3   | Reached ***** piety under Vehumet
 16851 | Lair:3   | Offered knowledge of Iron Shot by Vehumet.
 16912 | Lair:3   | Learned a level 6 spell: Iron Shot
 17171 | Lair:4   | Reached skill level 1 in Conjurations
 17460 | Lair:4   | Found a staircase to the Swamp.
 17698 | Lair:4   | Noticed an eight-headed hydra
 17704 | Lair:4   | Reached XP level 13. HP: 82/82 MP: 20/29
 17827 | Lair:4   | Reached skill level 13 in Earth Magic
 19557 | Lair:6   | Entered Level 6 of the Lair of Beasts
 19630 | Lair:6   | Reached skill level 5 in Conjurations
 20482 | Lair:6   | Offered knowledge of Olgreb's Toxic Radiance by Vehumet.
 20867 | Lair:6   | Reached skill level 10 in Shields
 21480 | Lair:6   | Mutation became permanent: Your large and strong wings let
                  | you fly indefinitely. [Gargoyle growth]
 21480 | Lair:6   | Gained mutation: Your large and strong wings let you fly
                  | indefinitely. [Gargoyle growth]
 21480 | Lair:6   | Reached XP level 14. HP: 52/88 MP: 8/31
 21680 | Lair:6   | Reached skill level 14 in Earth Magic
 23572 | Lair:6   | Noticed Urug
 23581 | Lair:6   | Killed Urug
 24083 | Lair:6   | Reached skill level 1 in Maces & Flails
 24099 | Lair:6   | Reached skill level 10 in Conjurations
 24271 | Lair:6   | Offered knowledge of Bolt of Fire by Vehumet.
 25416 | D:11     | Got a jewelled cloak
 25427 | D:11     | Identified the +0 cloak of the Pit {rElec Dex+7} (You found
                  | it on level 11 of the Dungeon)
 25863 | D:12     | Found a staircase to the Orcish Mines.
 25942 | D:12     | Found a roughly hewn altar of Beogh.
 26970 | D:12     | Reached XP level 15. HP: 62/92 MP: 27/32
 27760 | D:13     | Learned a level 6 spell: Bolt of Fire
 28168 | D:13     | Offered knowledge of Venom Bolt by Vehumet.
 28394 | D:13     | Reached skill level 1 in Fire Magic
 28972 | D:13     | Found a gate to the Vaults.
 29239 | D:13     | Identified a scroll of acquirement
 29376 | D:14     | Found a hazy altar of Hepliaklqana.
 30047 | D:15     | Entered Level 15 of the Dungeon
 30047 | D:15     | Found a runed gate.
 30047 | D:15     | Found a runed gate.
 30047 | D:15     | Found a runed gate.
 30159 | D:15     | Noticed Loninniva's ghost (amateur MiGl)
 30190 | D:15     | Killed Loninniva's ghost
 30198 | D:15     | Reached skill level 5 in Maces & Flails
 30467 | D:15     | Found a staircase to the Depths.
 31453 | Orc:1    | Entered Level 1 of the Orcish Mines
 31689 | Orc:2    | Entered Level 2 of the Orcish Mines
 31799 | Orc:2    | Reached ****** piety under Vehumet
 31799 | Orc:2    | Reached XP level 16. HP: 94/97 MP: 18/34
 32172 | Orc:2    | Found Xonasam's Food Emporium.
 32208 | Orc:2    | Offered knowledge of Freezing Cloud by Vehumet.
 32351 | Orc:1    | Learned a level 6 spell: Freezing Cloud
 32643 | Orc:2    | Found a roughly hewn altar of Beogh.
 32766 | Orc:2    | Noticed Rupert
 32771 | Orc:2    | Killed Rupert
 32992 | Orc:2    | Found a staircase to the Elven Halls.
 33288 | Orc:2    | Found Nummeb's Antique Armour Shop.
 33288 | Orc:2    | Found Ylyel's Book Shoppe.
 33288 | Orc:2    | Found Ymurek's Antique Armour Emporium.
 33291 | Orc:2    | Found Lijuypsu's Gadget Boutique.
 33296 | Orc:2    | Bought a book of the Earth for 910 gold pieces
 33298 | Orc:2    | Bought a pair of ancient gloves for 266 gold pieces
 33298 | Orc:2    | Bought an ominously black robe for 159 gold pieces
 33309 | Orc:2    | Identified the cursed +0 pair of gloves of Gluttony {rN+
                  | Regen+} (You bought it in a shop on level 2 of the Orcish
                  | Mines)
 33319 | Orc:2    | Identified the +1 robe "Suaxy" {*Slow rElec rC++ rN++} (You
                  | bought it in a shop on level 2 of the Orcish Mines)
 33325 | Orc:2    | Bought a bloodstained robe for 153 gold pieces
 33325 | Orc:2    | Bought a warped robe for 153 gold pieces
 33349 | Orc:2    | Identified the +2 robe "Filum" {Int+5} (You bought it in a
                  | shop on level 2 of the Orcish Mines)
 33359 | Orc:2    | Identified the +1 robe of a treasure trove {rElec Dex+3}
                  | (You bought it in a shop on level 2 of the Orcish Mines)
 33743 | Swamp:1  | Entered Level 1 of the Swamp
 34236 | Swamp:1  | Noticed a thorn hunter
 34271 | Swamp:1  | Killed a thorn hunter
 34271 | Swamp:1  | Reached skill level 1 in Ice Magic
 35297 | Swamp:2  | Reached skill level 15 in Earth Magic
 36097 | Swamp:2  | Reached skill level 15 in Spellcasting
 36218 | Swamp:2  | Got a jewelled glaive
 36349 | Swamp:2  | Offered knowledge of Ozocubu's Refrigeration by Vehumet.
 37299 | Swamp:3  | Reached skill level 16 in Earth Magic
 37422 | Swamp:3  | Reached XP level 17. HP: 98/102 MP: 31/36
 37668 | Swamp:3  | Got a heavily runed leather armour
 37679 | Swamp:3  | Identified the cursed +1 leather armour "Reneji" {rC+
                  | Stlth+} (You found it on level 3 of the Swamp)
 37914 | Swamp:4  | Entered Level 4 of the Swamp
 38313 | Swamp:4  | Reached skill level 5 in Ice Magic
 39604 | Swamp:4  | Reached skill level 17 in Earth Magic
 40047 | Swamp:4  | Offered knowledge of Orb of Destruction by Vehumet.
 40056 | Swamp:4  | Learned a level 7 spell: Orb of Destruction
 40507 | Swamp:4  | Got a decaying rune of Zot
 40769 | Snake:1  | Entered Level 1 of the Snake Pit
 41063 | Snake:1  | Found a frozen archway.
 41080 | IceCv    | Entered an ice cave
 41962 | Snake:1  | Noticed Nikola
 41976 | Snake:1  | Killed Nikola
 42162 | Snake:1  | Noticed Josephine
 42174 | Snake:1  | Reached XP level 18. HP: 107/107 MP: 29/37
 42188 | Snake:1  | Killed Josephine
 42188 | Snake:1  | Reached skill level 18 in Earth Magic
 42751 | Snake:2  | Noticed Asterion
 42927 | Snake:1  | Killed Asterion
 43684 | Snake:2  | Noticed Vashnia
 43801 | Snake:2  | Offered knowledge of Lehudib's Crystal Spear by Vehumet.
 43801 | Snake:2  | Offered knowledge of Glaciate by Vehumet.
 43801 | Snake:2  | Offered knowledge of Chain Lightning by Vehumet.
 43806 | Snake:2  | Killed Vashnia
 44491 | Snake:3  | Found Qeuwn's Book Shoppe.
 44500 | Snake:3  | Bought a book of Power for 495 gold pieces
 45222 | Snake:3  | Reached skill level 15 in Shields
 45222 | Snake:3  | Reached skill level 19 in Earth Magic
 45593 | Snake:3  | Got a pair of spiked boots
 45604 | Snake:3  | Identified the +3 pair of boots of the Sun {+Blink rF+
                  | Int-4 Dex+2} (You acquired it on level 3 of the Snake Pit)
 45648 | Snake:4  | Entered Level 4 of the Snake Pit
 45651 | Snake:4  | Found a radiant altar of Vehumet.
 46909 | Snake:4  | Reached XP level 19. HP: 112/112 MP: 18/39
 47092 | Snake:4  | Reached skill level 20 in Earth Magic
 47286 | Snake:4  | Found a stormy altar of Qazlal.
 48636 | Snake:4  | Found a glowing silver altar of Zin.
 48988 | Snake:4  | Got a serpentine rune of Zot
 49337 | Elf:1    | Entered Level 1 of the Elven Halls
 49552 | Elf:1    | Reached skill level 21 in Earth Magic
 50619 | Elf:1    | Got a steaming great sword
 50625 | Elf:1    | Identified the +3 great sword "Gemyel" {vamp, -Tele Int+8}
                  | (You found it on level 1 of the Elven Halls)
 50727 | Elf:1    | Found a portal to a secret trove of treasure.
 51405 | Elf:1    | You paid a toll of +3 shadow dragon scales to enter a
                  | treasure trove
 51406 | Trove    | Entered a treasure trove
 51526 | Elf:2    | Learned a level 7 spell: Spellforged Servitor
 51623 | Elf:2    | Learned a level 9 spell: Shatter
 51969 | Elf:2    | Found a runed gate.
 51969 | Elf:2    | Found a runed gate.
 51969 | Elf:2    | Found a runed gate.
 52216 | Elf:2    | Reached skill level 1 in Summonings
 53227 | Elf:2    | Reached XP level 20. HP: 117/117 MP: 33/40
 53270 | Elf:3    | Entered Level 3 of the Elven Halls
 53454 | Elf:3    | Found Entuwea's Assorted Antiques.
 53499 | Elf:3    | Bought a glowing hat for 266 gold pieces
 53809 | Elf:3    | Reached skill level 22 in Earth Magic
 53936 | Elf:3    | Got a translucent granite ring
 54621 | Elf:3    | Reached skill level 5 in Summonings
 54674 | Elf:3    | Got a blackened long sword {elec}
 54677 | Elf:3    | Identified the cursed +1 long sword "Jellybane" {elec,
                  | +Blink Str+3 SInv} (You took it off a deep elf annihilator
                  | on level 3 of the Elven Halls)
 55241 | Elf:3    | Got a twitching sapphire amulet
 55262 | Elf:3    | Shot with an arrow by a deep elf master archer

Vault maps used:
D:1:      lemuel_arrival_rhombus
D:2:      cheibrodos_old_hovel
D:4:      first_ration, biasface_ghost_orc_armoury, lemuel_flame_loot_1,
          uniq_natasha
D:5:      chequers_temple_overflow_minitemple
D:6:      lemuel_slime, minmay_temple_entry_glassed_door,
          ebering_ghost_reflecting_pool, hangedman_decor_diamond_cutter,
          uniq_eustachio, uniq_edmund
D:7:      gammafunk_temple_overflow_wave, serial_glass, glass_columns_c,
          glass_columns_b, gammafunk_ghost_cemetery
D:8:      enter_bailey_2, uniq_pikel
D:9:      uniq_maurice
D:10:     minmay_lair_entry_grove, hangedman_little_slice_of_home,
          lemuel_mausoleum_altar_kikubaaqudgha, uniq_sonja
D:11:     grunt_ministairs_4
D:12:     minmay_the_grid_triangle_9x9_recursive_2,
          minmay_orc_entry_temple_small
D:13:     minmay_octo_star, grunt_vaults_entry_tiered
D:14:     minmay_misc_feat_encased, lemuel_tele_altar
D:15:     grunt_enter_depths_hoard, serial_bayou_pond_d,
          gammafunk_ghost_necromancy
Temple:   eino_wide_crystal_templ
Lair:2:   guppyfry_snake_entry_island, kennysheep_rathole,
          infiniplex_staircase_pool_2, grunt_megastairs_2,
          minmay_lair_oklob_chamber
Lair:4:   minmay_swamp_entry_eels, grunt_megastairs_1
Lair:5:   cheibrodos_magma_flow
Lair:6:   hangedman_lair_caniforms_friends, hangedman_lair_tendril_chambers,
          minmay_slime_entry_oklob_enclosed, minivault_19, uniq_urug
Swamp:1:  cheibrodos_swamp_tower_of_moss, nicolae_swamp_round_clearing,
          infiniplex_staircase_pool
Swamp:2:  evilmike_swamp_ruin_house_3, hangedman_swamp_double_dragon
Swamp:3:  evilmike_swamp_ruin_house_6
Swamp:4:  swamp_vile
Snake:1:  portal_ice_cave_entry_frozen_things, spider_trap, uniq_josephine,
          uniq_nikola
Snake:2:  uniq_asterion, uniq_vashnia
Snake:3:  kennysheep_six_static_rooms, minmay_shop_grid_forest,
          basic_stair_grate_trap
Snake:4:  snake_pit, basic_altar, hangedman_feature_mirror, serial_bayou_pond_e
Orc:2:    st_orc_rangers, lab_entry_generic, basic_altar, serial_shops, shop,
          uniq_rupert
Elf:1:    enter_trove_6, kennysheep_underground_church, minmay_misc_feat_five
Elf:3:    grunt_elf_hall_asides, serial_shops, shop
Trove:    trove_misc_throne_room
Bailey:   bailey_axe_3, bailey
IceCv:    ice_cave_statue_garden_chambered

Skill      XL: |  1  2  3  4  5  6  7  8  9 10 11 12 13 14 15 16 17 18 19 20 |
---------------+-------------------------------------------------------------+-----
Earth Magic    | 4 5 6 7 8 9 10 11 12 13 14 16 17 19 21 22 | 22.7
Spellcasting   | 3 4 5 7 8 9 11 12 13 14 15 16 17 | 17.3
Fighting       | 1 3 5 6 7 9 10 | 10.0
Shields        | 3 5 7 8 10 11 12 13 14 15 | 15.0
Conjurations   | 2 8 11 12 13 | 13.0
Maces & Flails | 3 5 |  5.8
Fire Magic     | 3 4 |  4.0
Ice Magic      | 4 7 8 |  8.0
Summonings     | 2 5 |  5.3
Short Blades   | |  0.3
Dodging        | |  1.5
Stealth        | |  2.1
Transmutations | |  0.7

Action                   |  1- 3 |  4- 6 |  7- 9 | 10-12 | 13-15 | 16-18 | 19-21 || total
-------------------------+-------+-------+-------+-------+-------+-------+-------++-------
Melee: Short sword       |    45 |   106 |   198 |    63 |   161 |       |       ||   573
       Staff             |       |       |     4 |    13 |       |     1 |     8 ||    26
       Eveningstar       |       |       |       |       |   470 |   322 |     3 ||   795
Throw: Stone             |    12 |     1 |       |     3 |       |       |       ||    16
 Cast: Sandblast         |    27 |    65 |    65 |   170 |   199 |   365 |   132 ||  1023
       Stone Arrow       |       |     7 |    99 |   224 |   368 |   194 |    21 ||   913
       Lee's Rapid Decon |       |       |    12 |    24 |    40 |     1 |       ||    77
       Conjure Flame     |       |       |       |     6 |     5 |     3 |     1 ||    15
       Iron Shot         |       |       |       |       |    97 |   196 |   182 ||   475
       Bolt of Fire      |       |       |       |       |     2 |   103 |    32 ||   137
       Freezing Cloud    |       |       |       |       |       |    28 |    13 ||    41
       Orb of Destructio |       |       |       |       |       |    12 |    13 ||    25
       Shatter           |       |       |       |       |       |       |     8 ||     8
 Abil: Fly               |       |       |       |     1 |       |       |       ||     1
Evoke: Wand              |       |       |       |       |       |     4 |     6 ||    10
  Use: Scroll            |       |       |     2 |    12 |     9 |     8 |    10 ||    41
       Potion            |       |       |       |    15 |       |     3 |     1 ||    19
 Stab: Sleeping          |     2 |     2 |     1 |     1 |       |       |       ||     6
  Eat: Chunk             |     1 |    10 |    10 |    16 |    37 |    23 |     8 ||   105
       Ration            |       |       |     5 |     3 |    11 |    19 |     5 ||    43
Armor: Robe              |    13 |    55 |   113 |   120 |   463 |   300 |    72 ||  1136
Dodge: Dodged            |    34 |    95 |   199 |   173 |   434 |   322 |    68 ||  1325
Block: Shield            |       |       |       |    37 |   902 |   660 |   139 ||  1738

Table legend:
 A = Non-vault XP
 B = Vault XP
 C = Vault XP percentage of total XP
 D = Non-vault monster count
 E = Vault monster count
 F = Vault count percentage of total count
                 A         B        C        D         E       F
            +---------+---------+-------+---------+---------+-------
      Total |  219017 |  243701 |  52.7 |     730 |     516 |  41.4
            +---------+---------+-------+---------+---------+-------
        D:1 |      48 |       0 |   0.0 |      25 |       0 |   0.0
        D:2 |     104 |       5 |   4.6 |      29 |       1 |   3.3
        D:3 |     109 |      35 |  24.3 |      23 |       1 |   4.2
        D:4 |     148 |       0 |   0.0 |       9 |       0 |   0.0
        D:5 |     366 |     166 |  31.2 |      16 |       1 |   5.9
        D:6 |     293 |     757 |  72.1 |      10 |      21 |  67.7
        D:7 |     908 |       0 |   0.0 |      30 |       0 |   0.0
        D:8 |     555 |     629 |  53.1 |       7 |       1 |  12.5
        D:9 |    1410 |     445 |  24.0 |      22 |       1 |   4.3
       D:10 |    3400 |    4025 |  54.2 |      22 |      34 |  60.7
       D:11 |    3107 |     317 |   9.3 |      29 |       1 |   3.3
       D:12 |    1595 |    6577 |  80.5 |      11 |      24 |  68.6
       D:13 |    3035 |   15917 |  84.0 |      15 |      36 |  70.6
       D:14 |    3828 |     580 |  13.2 |      14 |       1 |   6.7
       D:15 |   10413 |    5332 |  33.9 |      28 |      11 |  28.2
     Lair:1 |    2116 |       0 |   0.0 |      10 |       0 |   0.0
     Lair:2 |    6068 |    2956 |  32.8 |      21 |      21 |  50.0
     Lair:3 |    4460 |       0 |   0.0 |      19 |       0 |   0.0
     Lair:4 |    2600 |    1893 |  42.1 |      11 |       8 |  42.1
     Lair:5 |    2767 |    3696 |  57.2 |      10 |      14 |  58.3
     Lair:6 |   15836 |   19846 |  55.6 |      45 |      89 |  66.4
    Swamp:1 |    6419 |    2166 |  25.2 |      17 |       1 |   5.6
    Swamp:2 |   16237 |    5785 |  26.3 |      32 |       9 |  22.0
    Swamp:3 |   17205 |       0 |   0.0 |      35 |       0 |   0.0
    Swamp:4 |   14778 |   21795 |  59.6 |      35 |      30 |  46.2
    Snake:1 |    9212 |   10967 |  54.3 |      14 |      10 |  41.7
    Snake:2 |   13763 |    8709 |  38.8 |      28 |       6 |  17.6
    Snake:3 |   16463 |    3115 |  15.9 |      24 |       6 |  20.0
    Snake:4 |   22747 |   36282 |  61.5 |      49 |      48 |  49.5
      Orc:1 |    2279 |     403 |  15.0 |      13 |       3 |  18.8
      Orc:2 |    1035 |    7259 |  87.5 |      19 |      33 |  63.5
      Elf:1 |   18666 |    3894 |  17.3 |      31 |       6 |  16.2
      Elf:2 |    2863 |   23036 |  88.9 |       6 |      27 |  81.8
      Elf:3 |   14184 |   48926 |  77.5 |      21 |      34 |  61.8
     Bailey |       0 |     431 | 100.0 |       0 |      16 | 100.0
      IceCv |       0 |    7757 | 100.0 |       0 |      22 | 100.0
            +---------+---------+-------+---------+---------+-------
